Map: Blood Boil LE

Players

HeroMarine

  • Race: Terran Terran
  • Spawn Location: 5:00

llllllllllll (Zest) - Winner!

  • Race: Protoss Protoss
  • League: Master
  • Spawn Location: 11:00

Event: HomeStory Cup XV

VOD

Have the link to the VOD?

Description

Time

  • Played on: July 22, 2017, 12:05 p.m.
  • Length: 15:10

All games in this series

Show
View Real Time Build Order
Export as new Build Order

HeroMarine Terran 

Build Orders: Reaper Expand, MMM Bio 

Get SALT Encoding   

  12  0:00  Unknown, SCV  
  13  0:12  SCV  
  14  0:18  Supply Depot  
  14  0:25  SCV  
  15  0:39  SCV  
  15  0:41  Barracks  
  16  0:44  Refinery  
  16  0:52  SCV  
  17  1:04  SCV  
  18  1:16  SCV  
  19  1:28  Reaper  
  19  1:29  Orbital Command  
  20  1:46  Command Center  
  20  1:54  SCV  
  20  1:58  Supply Depot  
  20  2:00  Barracks Reactor  
  21  2:06  SCV  
  22  2:18  SCV  
  23  2:30  SCV  
  23  2:32  Command Center  
  24  2:37  Marine x2  
  24  2:43  SCV  
  27  2:47  Engineering Bay  
  27  2:55  Marine x2, SCV  
  27  3:05  Orbital Command  
  30  3:07  SCV  
  31  3:12  Marine  
  31  3:13  Marine  
  31  3:15  Missile Turret  
  31  3:19  SCV  
  34  3:28  Missile Turret  
  34  3:31  SCV, Marine x2  
  34  3:36  SCV  
  33  3:43  SCV  
  35  3:48  SCV, Orbital Command  
  35  3:53  Marine x2  
  35  3:55  SCV  
  38  4:00  SCV  
  39  4:08  Barracks  
  39  4:09  SCV  
  40  4:12  SCV  
  41  4:20  Marine x2  
  41  4:22  SCV  
  41  4:23  SCV  
  45  4:27  SCV  
  40  4:35  SCV x2  
  40  4:38  Marine x2  
  44  4:40  SCV  
  44  4:42  Factory  
  44  4:43  Refinery  
  45  4:47  SCV x2  
  45  4:50  Terran Infantry Weapons Level 1  
  45  4:52  SCV  
  48  4:56  Marine x2  
  48  4:59  Barracks Tech Lab, SCV x2  
  51  5:02  Barracks  
  51  5:04  SCV  
  52  5:10  Refinery  
  52  5:11  SCV x2  
  52  5:13  Marine x2  
  56  5:15  Bunker  
  56  5:16  SCV  
  56  5:17  Stimpack  
  56  5:18  Marine  
  57  5:23  SCV x2  
  58  5:31  SCV, Marine x2  
  58  5:34  Factory Reactor  
  58  5:35  SCV  
  61  5:37  Starport  
  61  5:40  Orbital Command  
  61  5:41  Barracks x2  
  61  5:42  Marauder  
  63  5:43  SCV  
  63  5:46  Supply Depot  
  63  5:47  SCV  
  63  5:49  Barracks Reactor  
  65  5:50  Marine  
  65  5:51  Marine  
  65  5:55  SCV  
  68  5:59  SCV  
  68  6:04  Marauder  
  68  6:08  SCV  
  70  6:11  SCV  
  70  6:14  SCV  
  70  6:15  Supply Depot  
  70  6:16  Supply Depot x2  
  70  6:17  Marine x2  
  74  6:19  Supply Depot  
  74  6:20  SCV  
  74  6:23  SCV  
  76  6:26  SCV  
  77  6:33  Missile Turret  
  77  6:34  Supply Depot  
  77  6:35  Supply Depot  
  77  6:36  Marine x2  
  77  6:37  Marauder, SCV x2, Medivac x2  
  77  6:38  SCV  
  77  6:39  Marine x2  
  88  6:40  Barracks Reactor  
  88  6:41  Barracks Tech Lab  
  88  6:42  Barracks Tech Lab  
  88  6:43  Supply Depot  
  88  6:45  Terran Infantry Armor Level 1  
  90  6:49  SCV x2  
  90  6:50  SCV  
  90  6:52  Refinery  
  90  6:53  Refinery  
  93  6:54  Marine x2  
  93  6:58  Marauder  
  93  7:01  SCV x2, Combat Shields, Concussive Shells  
  99  7:03  Marauder x2, SCV  
  99  7:05  Marine  
  99  7:06  Marine  
  106  7:12  Marine x2  
  106  7:13  SCV x2  
  106  7:15  SCV  
  111  7:18  Supply Depot x2  
  111  7:19  Marine, Medivac  
  111  7:22  Medivac  
  116  7:25  SCV x2  
  116  7:26  Marauder  
  116  7:27  Marine x2, SCV  
  116  7:29  Marauder  
  125  7:30  Marine x2  
  127  7:40  Marauder, Armory  
  127  7:42  Engineering Bay  
  129  7:44  Marine x2  
  129  7:47  Marauder  
  129  7:48  Marine x2  
  129  7:51  Marauder  
  137  7:54  Supply Depot x2  
  137  7:56  Medivac x2  
  141  8:02  Marine x2  
  143  8:05  Marine  
  143  8:06  Marine  
  143  8:11  Factory Reactor  
  143  8:12  Command Center  
  145  8:14  Marine x3  
  145  8:15  Starport  
  148  8:20  Marine x2  
  148  8:23  Marine x2  
  151  8:29  Supply Depot x2  
  151  8:32  Marine x2, Viking x2  
  157  8:34  Terran Infantry Weapons Level 2  
  157  8:35  Marine  
  157  8:38  Marine x2  
  157  8:40  Terran Ship Weapons Level 1  
  160  8:41  Marine x2  
  160  8:48  Supply Depot x2  
  162  8:59  Terran Infantry Armor Level 2  
  162  9:02  Viking x2  
  166  9:07  Barracks  
  166  9:08  Barracks  
  166  9:09  Barracks, Viking  
  168  9:11  Viking  
  168  9:24  Refinery  
  168  9:27  Refinery  
  168  9:32  Viking x2  
  172  9:45  Missile Turret  
  172  9:47  Viking x2  
  172  9:49  Planetary Fortress  
  172  9:51  Ghost Academy  
  172  9:52  Marauder x2  
  180  9:54  Marauder  
  180  9:55  Barracks Tech Lab  
  180  9:56  Barracks Tech Lab  
  180  9:57  Barracks Tech Lab  
  182  10:02  Viking  
  182  10:05  Viking  
  184  10:23  Missile Turret x2  
  184  10:24  Missile Turret x2  
  184  10:25  Missile Turret  
  184  10:28  Ghost x3  
  183  10:31  Marauder x2  
  183  10:32  Missile Turret  
  183  10:33  Marauder  
  183  10:34  Marine x2  
  193  10:36  Marine  
  190  10:42  Medivac  
  190  10:43  Medivac  
  194  10:51  Marine  
  194  10:52  Marine x3  
  198  10:58  Marine x2  
  199  11:05  Command Center  
  198  11:15  Marine x2  
  198  11:16  Marine  
  198  11:17  Marine x4  
  199  11:20  Marine  
  199  11:21  Supply Depot x2  
  199  11:23  Supply Depot  
  184  11:49  Marine  
  184  11:50  Marauder, Marine  
  184  11:51  Marauder, Marine x3  
  184  11:53  Marauder x2  
  184  11:54  Marine  
  163  12:07  Marine  
  125  12:08  Marine x2  
  125  12:09  Marine x2, Viking x2  
  125  12:11  Marine x2  
  125  12:12  Marauder  
  131  12:16  Marine x2  
  131  12:17  Orbital Command  
  129  12:25  Marine  
  129  12:27  Medivac  
  129  12:29  Marauder  
  128  12:30  Marine x2  
  128  12:35  Marauder  
  131  12:37  Marauder  
  131  12:40  Marauder  
  131  12:42  Marauder  
  131  12:43  Orbital Command  
  134  12:46  Marauder  
  134  12:47  Marine x2  
  134  12:50  Marine x2  
  140  12:56  Marauder  
  140  12:58  Marauder, Marine  
  144  12:59  Medivac  
  144  13:01  Marauder  
  144  13:02  Medivac x2  
  144  13:04  Marauder  
  146  13:09  Marauder  
  146  13:10  Marine x2  
  148  13:15  Marine x2  
  148  13:18  Marauder  
  148  13:19  Marauder, Viking  
  156  13:20  Marine  
  156  13:23  Marauder  
  156  13:26  Marauder  
  161  13:27  Marine  
  161  13:28  Marine  
  155  13:36  Viking x2  
  155  13:40  Marauder  
  155  13:41  Marauder  
  160  13:43  Marine x2  
  160  13:47  Marine x2  
  158  13:54  Marauder  
  156  13:57  Marauder  
  156  14:02  Marauder  
  142  14:07  Viking  
  142  14:09  Marine  
  143  14:11  Marine  
  143  14:12  Marine  
  143  14:16  Marauder, Marine  
  143  14:18  Marine  
  143  14:21  Marine  
  124  14:31  Viking x2  
  124  14:33  Marine x2  
  124  14:38  Marauder, Marine  
  130  14:45  Marauder x2  
  130  14:46  Marine  
Show
View Real Time Build Order
Export as new Build Order

llllllllllll Protoss - Winner!

Build Orders: Oracle Opening, Colossus Rush 

Get SALT Encoding   

  12  0:00  Probe (Chrono Boost), Unknown  
  13  0:11  Probe (Chrono Boost)  
  14  0:18  Pylon  
  14  0:22  Probe (Chrono Boost)  
  15  0:36  Probe (Chrono Boost)  
  15  0:38  Gateway  
  16  0:47  Probe (Chrono Boost)  
  16  0:48  Assimilator  
  17  0:57  Probe (Chrono Boost)  
  17  0:58  Assimilator  
  18  1:08  Probe (Chrono Boost)  
  20  1:18  Probe (Chrono Boost)  
  20  1:26  Cybernetics Core  
  20  1:29  Probe (Chrono Boost)  
  21  1:39  Probe (Chrono Boost)  
  22  1:42  Pylon  
  22  1:50  Probe (Chrono Boost)  
  23  2:00  Probe (Chrono Boost)  
  24  2:03  Stargate, Adept (Chrono Boost)  
  26  2:09  Warp Gate  
  26  2:36  Nexus  
  26  2:47  Oracle  
  26  2:49  Probe (Chrono Boost)  
  30  2:54  Pylon  
  30  3:00  Probe (Chrono Boost)  
  31  3:12  Probe (Chrono Boost)  
  32  3:22  Oracle  
  32  3:23  Probe (Chrono Boost)  
  34  3:37  Probe (Chrono Boost)  
  35  3:47  Probe (Chrono Boost)  
  36  3:48  Pylon  
  36  3:54  Probe (Chrono Boost)  
  37  3:58  Probe (Chrono Boost)  
  38  4:05  Probe (Chrono Boost)  
  38  4:07  Robotics Facility  
  38  4:08  Probe (Chrono Boost)  
  40  4:15  Probe (Chrono Boost)  
  41  4:19  Probe (Chrono Boost)  
  41  4:23  Nexus  
  42  4:31  Probe (Chrono Boost)  
  42  4:33  Probe (Chrono Boost)  
  43  4:42  Probe (Chrono Boost)  
  43  4:44  Probe (Chrono Boost)  
  45  4:46  Gateway  
  45  4:47  Gateway  
  46  4:52  Probe (Chrono Boost)  
  46  4:58  Sentry  
  49  5:00  Observer  
  49  5:03  Probe (Chrono Boost), Mothership Core (Chrono Boost)  
  49  5:04  Pylon  
  49  5:05  Assimilator  
  52  5:08  Robotics Bay  
  52  5:14  Probe (Chrono Boost)  
  53  5:22  Probe (Chrono Boost)  
  53  5:24  Probe (Chrono Boost)  
  55  5:33  Probe (Chrono Boost)  
  55  5:34  Probe (Chrono Boost)  
  54  5:40  Observer (Chrono Boost), Probe (Chrono Boost)  
  56  5:43  Probe  
  56  5:44  Probe  
  58  5:51  Probe  
  58  5:54  Probe  
  58  5:56  Probe  
  61  5:59  Colossus (Chrono Boost)  
  61  6:01  Probe  
  68  6:04  Probe  
  68  6:08  Probe  
  68  6:09  Twilight Council  
  70  6:11  Forge  
  70  6:12  Probe  
  70  6:15  Probe  
  72  6:19  Pylon  
  72  6:20  Pylon  
  72  6:21  Probe  
  72  6:22  Probe, Gateway  
  72  6:23  Gateway  
  74  6:25  Gateway  
  74  6:26  Probe  
  74  6:28  Pylon  
  74  6:29  Assimilator  
  74  6:31  Pylon  
  75  6:33  Probe, Assimilator  
  75  6:36  Probe  
  75  6:37  Probe  
  75  6:39  Extended Thermal Lance (Chrono Boost), Colossus (Chrono Boost)  
  84  6:50  Probe  
  84  6:51  Probe x2  
  87  6:57  Pylon  
  87  6:58  Protoss Ground Weapons Level 1 (Chrono Boost)  
  87  7:02  Pylon  
  87  7:03  Probe x2  
  89  7:13  Probe, Blink (Chrono Boost)  
  89  7:15  Probe x2  
  92  7:17  Photon Cannon, Pylon x2  
  92  7:22  Pylon  
  92  7:24  Pylon  
  92  7:25  Colossus  
  92  7:31  Zealot x3, Sentry  
  92  7:36  Forge  
  106  7:39  Photon Cannon  
  106  7:42  Photon Cannon  
  106  7:44  Pylon  
  106  7:57  Probe x3  
  109  7:58  Templar Archives  
  109  8:00  Pylon  
  109  8:04  Protoss Ground Armor Level 1 (Chrono Boost)  
  109  8:15  Warp Prism  
  109  8:18  Stalker x6  
  123  8:21  Pylon  
  123  8:24  Gateway  
  123  8:25  Gateway  
  123  8:33  Psionic Storm  
  123  8:36  Protoss Ground Weapons Level 2 (Chrono Boost)  
  123  8:44  Zealot  
  123  8:45  Zealot x3  
  131  8:49  Zealot  
  133  8:57  Immortal  
  137  9:03  Gateway  
  137  9:05  Gateway  
  135  9:14  Zealot x3, High Templar x2  
  135  9:15  Zealot  
  145  9:21  Pylon  
  145  9:22  Pylon  
  145  9:29  Charge (Chrono Boost)  
  143  9:41  Zealot  
  143  9:42  Zealot x2  
  147  9:45  Immortal  
  147  9:47  Protoss Ground Armor Level 2  
  147  9:48  High Templar x2  
  147  9:49  Zealot x6  
  161  10:20  High Templar x2  
  161  10:21  Nexus  
  163  10:25  Pylon  
  163  10:27  Pylon  
  163  10:38  Protoss Ground Weapons Level 3  
  163  10:47  Photon Cannon  
  163  10:49  Photon Cannon  
  163  10:50  Photon Cannon x2  
  163  10:52  Gateway  
  163  10:54  Gateway  
  163  10:56  Gateway  
  163  10:57  Gateway  
  163  10:58  Gateway  
  163  10:59  Disruptor  
  163  11:01  Gateway  
  166  11:05  Zealot x10  
  184  11:29  Stalker x7  
  184  11:30  Stalker  
  184  11:43  Disruptor  
  173  11:51  Zealot x2  
  173  11:55  Zealot x8  
  183  12:07  Archon  
  151  12:09  Stalker x4  
  151  12:12  Zealot x2  
  154  12:29  Zealot x7  
  160  12:30  Zealot x3  
  160  12:32  Zealot  
  160  12:34  Disruptor  
  160  12:36  Probe  
  172  12:47  High Templar  
  172  12:48  High Templar x3  
  172  12:49  Probe x2  
  182  12:52  Probe  
  182  12:53  Probe  
  174  13:06  Probe  
  174  13:07  Probe x3  
  174  13:10  Disruptor  
  167  13:20  Zealot x7  
  167  13:21  Zealot  
  167  13:23  Probe  
  167  13:24  Probe  
  167  13:25  Probe x2  
  181  13:45  Assimilator  
  181  13:47  Assimilator  
  175  13:49  Immortal  
  171  13:56  Zealot x5  
  171  13:57  Zealot x4  
  178  14:13  Stalker  
  178  14:14  Stalker x5  
  166  14:35  Zealot x9  
  169  15:04  Zealot x9  
Tags
 
Add a new tag
Caveats
  • Supply blocks, unpowered buildings, or Contaminate may cause inaccurate times.
  • Supply counts are checked every 10 seconds.